 Dungeon Crawl Stone Soup version 0.25.1-2-g60ff931df9 (webtiles) character file.

Game seed: 17221347702397492982

65 KyoPewz the Skirmisher (level 4, -2/50 HPs)
             Began as an Ogre Berserker on Oct 5, 2020.
             Was a Believer of Trog.
             Slain by a hobgoblin
             ... wielding a cursed -3 club
             ... led by Robin
              (5 damage)
             ... on level 2 of the Dungeon.
             The game lasted 00:03:15 (1461 turns).

KyoPewz the Skirmisher (Ogre Berserker)             Turns: 1461, Time: 00:03:16

Health: -2/50      AC:  3    Str: 21    XL:     4   Next: 14%
Magic:  4/4        EV: 10    Int:  8    God:    Trog [**....]
Gold:   73         SH:  0    Dex:  9    Spells: 3/3 levels left

rFire    . . .     SeeInvis .   a - +0 mace
rCold    . . .     Gourm    .   (no shield)
rNeg     . . .     Faith    .   b - +0 animal skin
rPois    .         Spirit   .   (helmet restricted)
rElec    .         Reflect  .   (no cloak)
rCorr    .         Harm     .   (gloves unavailable)
MR       .....                  (boots unavailable)
Stlth    +.........             (no amulet)
HPRegen  0.16/turn              (no ring)
MPRegen  0.09/turn              (no ring)

@: berserk cooldown, slowed, very slow
A: large, unfitting armour, tough skin 1
a: Berserk, Trog's Hand, Renounce Religion


You were on level 2 of the Dungeon.
You worshipped Trog.
Trog was pleased with you.
You were hungry.

You visited 1 branch of the dungeon, and saw 2 of its levels.

You collected 73 gold pieces.

Inventory:

Hand Weapons
 a - a +0 mace (weapon)
Armour
 b - a +0 animal skin (worn)
Jewellery
 c - an uncursed ring of flight {unknown}
   (You found it on level 2 of the Dungeon)
 i - a cursed ring of fire {unknown}
   (You found it on level 2 of the Dungeon)
Scrolls
 g - 2 scrolls of identify {unknown}
 h - a scroll of teleportation {unknown}
Potions
 d - 2 potions of heal wounds {unknown}
 f - 2 potions of curing {unknown}
Comestibles
 e - a ration {!d}


   Skills:
 + Level 5.0 Fighting
 + Level 3.3 Maces & Flails
 + Level 3.3 Dodging


You had 3 spell levels left.
You didn't know any spells.
Your spell library was empty.

Dungeon Overview and Level Annotations

Branches:
Dungeon (2/15)

Altars:
Zin
The Shining One


Innate Abilities, Weirdness & Mutations

You are too large for most types of armour.
You have tough skin. (AC +1)


Message History

The goblin hits you.
* * * LOW HITPOINT WARNING * * *
The frilled lizard hisses angrily.
You bludgeon the goblin!!
You kill the goblin!
Trog accepts your kill.
The frilled lizard unfolds its giant frill.
The goblin hits you.
* * * LOW HITPOINT WARNING * * *
The hobgoblin hits you but does no damage.
The goblin closely misses you.
You barely miss the goblin.
The goblin no longer looks unusually strong.
The goblin misses you. The goblin barely misses you.
The goblin closely misses you.
The hobgoblin hits you but does no damage.
You sock the hobgoblin!
You kill the hobgoblin!
Trog accepts your kill. The goblin completely misses you.
You closely miss the goblin. The goblin barely misses you. The goblin hits you.
* * * LOW HITPOINT WARNING * * *
The hobgoblin barely misses you. The goblin hits you but does no damage.
You closely miss the goblin. The goblin misses you. The goblin hits you.
* * * LOW HITPOINT WARNING * * *
The hobgoblin hits you but does no damage.
You closely miss the goblin.
The hobgoblin no longer looks unusually strong.
The goblin hits you but does no damage. The goblin hits you.
* * * LOW HITPOINT WARNING * * *
The goblin hits you.
* * * LOW HITPOINT WARNING * * *
You hit the goblin. The hobgoblin misses you. The goblin hits you.
* * * LOW HITPOINT WARNING * * *
The goblin hits you.
* * * LOW HITPOINT WARNING * * *
The goblin hits you.
* * * LOW HITPOINT WARNING * * *
You bludgeon the goblin!!
You kill the goblin!
Trog accepts your kill. The hobgoblin closely misses you.
The goblin misses you.
Unknown command.
You hit the hobgoblin.
You are no longer berserk.
You are exhausted.
You feel yourself slow down. The goblin closely misses you.
The frilled lizard barely misses you.
The hobgoblin hits you with a cursed -3 club.
You die...

......# #....#
......# #....###
......#####......#
......##.........#
......##'#####...#
####......# #...#
#......# #...#
####......# #.gg#
...+......# #.g@#
####......# #.)l#
# #......# ##)## #
#......# #........
# #......#
.....g.gg #
##+#+###
.....gggg. #
#....##g.g.
#####.# #....#
..#g ......#
#..... .#


You could see a hobgoblin, 2 goblins and a frilled lizard.

Vanquished Creatures
  Robin (D:2)
  An adder (D:2)
  A worm (D:2)
  A leopard gecko (D:1)
  9 goblins
  7 hobgoblins
  9 kobolds
  3 bats (D:1)
  2 frilled lizards (D:1)
  5 rats (D:1)
39 creatures vanquished.

Notes
Turn   | Place    | Note
-------+----------+-------------------------------------------
     0 | D:1      | KyoPewz the Ogre Berserker began the quest for the Orb.
     0 | D:1      | Reached XP level 1. HP: 24/24 MP: 1/1
   171 | D:1      | Reached XP level 2. HP: 22/32 MP: 2/2
   810 | D:1      | Reached XP level 3. HP: 37/40 MP: 3/3
   939 | D:2      | Found a glowing golden altar of the Shining One.
  1085 | D:2      | Reached ** piety under Trog
  1393 | D:2      | Found a glowing silver altar of Zin.
  1429 | D:2      | Noticed Robin
  1451 | D:2      | Killed Robin
  1451 | D:2      | Reached skill level 5 in Fighting
  1451 | D:2      | Reached XP level 4. HP: 24/50 MP: 4/4
  1461 | D:2      | Slain by a hobgoblin

Illustrated notes

Levels and vault maps discovered:
D:1:      ebering_hopf_link, layout_basic, minmay_3d_cube
D:2:      layout_basic, old_standard_altar, nicolae_overflow_hidden_temple,
          minmay_misc_feat_more_columns, uniq_robin

Skill      XL: |  1  2  3 |
---------------+----------+-----
Dodging        | 3 |  3.3
Maces & Flails | 3 |  3.3
Fighting       | 5 |  5.0

Action                   |  1- 3 |  4- 6 || total
-------------------------+-------+-------++-------
Melee: Mace              |   110 |    10 ||   120
Invok: Berserk           |     2 |       ||     2
       Trog's Hand       |     1 |       ||     1
  Eat: Ration            |     1 |       ||     1
Armor: Animal skin       |    35 |     4 ||    39
Dodge: Dodged            |    86 |    16 ||   102
